 Dungeon Crawl Stone Soup version 0.31-a0-237-g2d982f9f85 (webtiles) character file.

Game seed: 15724787343175129189

146 qw the Shooter (level 5, -1/45 HPs)
             Began as a Minotaur Hexslinger on July 10, 2023.
             Slain by a kobold brigand
             ... wielding a +0 short sword
              (3 damage)
             ... on level 4 of the Dungeon.
             The game lasted 00:00:58 (2414 turns).

qw the Shooter (Minotaur Hexslinger)                Turns: 2414, Time: 00:00:59

Health: -1/45      AC:  3    Str: 12    XL:     5   Next: 7%
Magic:  5/5        EV: 12    Int: 10    God:
Gold:   204        SH:  0    Dex: 15    Spells: 5/6 levels left

rFire   . . .        Y - +1 sling
rCold   . . .        (no shield)
rNeg    . . .        d - +0 leather armour
rPois   .            (helmet restricted)
rElec   .            (no cloak)
rCorr   .            (no gloves)
SInv    .            (no boots)
Will    .....        (no amulet)
Stlth   +            (no ring)
HPRegen 0.27/turn    (no ring)
MPRegen 0.09/turn

%: no passive effects
@: no status effects
A: horns 2, retaliatory headbutt
a: no special abilities


You were on level 4 of the Dungeon.
You visited 1 branch of the dungeon, and saw 4 of its levels.

You collected 204 gold pieces.


Innate Abilities, Weirdness & Mutations

You have a pair of horns on your head.
You reflexively headbutt those who attack you in melee.


   Skills:
 - Level 3.2 Fighting
 + Level 5.1 Ranged Weapons
 - Level 2.1 Dodging
 - Level 1.0 Spellcasting
 - Level 2.0 Hexes


You had 5 spell levels left.
You knew the following spells:

 Your Spells              Type           Power      Damage    Failure   Level
a - Slow                  Hex            16%        N/A       19%         1

Your spell library contained the following spells:

 Spells                   Type           Power      Damage    Failure   Level
 Inner Flame              Hex/Fire       2%         N/A       65%         3
 Portal Projectile        Hex/Tloc       4%         N/A       65%         3
 Cause Fear               Hex            2%         N/A       88%         4

Inventory:

Hand Weapons
 Y - a +1 sling (weapon)
Armour
 d - a +0 leather armour (worn)
Scrolls
 b - a scroll of identify
Potions
 a - a potion of haste
 e - a potion of curing
 g - a potion of heal wounds {unknown}
 i - a potion of mutation {unknown}

Dungeon Overview and Level Annotations

Branches:
Dungeon (4/15)
 Temple: D:4-7

Altars:


Message History

The sling bullet hits the kobold brigand!
The kobold brigand is heavily wounded.
The kobold brigand hits you with a +0 short sword!
You shoot a sling bullet.
The sling bullet closely misses the kobold brigand.
The kobold brigand closely misses you.
A hobgoblin comes into view. It is wielding a +0 spear.
The kobold brigand hits you but does no damage.
You shoot a sling bullet. The hobgoblin shouts!
The sling bullet hits the kobold brigand but does no damage.
The kobold brigand is heavily wounded.
You hear an angry growl.
The kobold brigand hits you with a +0 short sword!
You shoot a sling bullet.
The sling bullet closely misses the kobold brigand.
The kobold brigand hits you but does no damage.
You shoot a sling bullet.
The sling bullet hits the kobold brigand but does no damage.
The kobold brigand is heavily wounded.
A black bear comes into view.
The kobold brigand hits you with a +0 short sword!
You shoot a sling bullet.
The sling bullet hits the kobold brigand but does no damage.
The kobold brigand is heavily wounded.
The hobgoblin hits you from afar with a +0 spear!
The kobold brigand misses you. You furiously retaliate!
You headbutt the kobold brigand. You shoot a sling bullet.
The sling bullet barely misses the kobold brigand.
The sling bullet barely misses the hobgoblin.
The kobold brigand hits you with a +0 short sword.
The hobgoblin hits you from afar with a +0 spear.
You shoot a sling bullet.
The sling bullet barely misses the kobold brigand.
The sling bullet hits the hobgoblin!
You kill the hobgoblin!
The kobold brigand barely misses you.
The kobold brigand hits you with a +0 short sword.
You die...

#.# #. #.#
#.####.### #
#........##.##
#.####........
####.###.<.......
.............#.##
####.###.....# .
#.@.....#....
#K###.....###


.hS #.....# [.... ###.### #.##.. ... # #.. ..#. ... ... # ... .. You could see a
black bear, a kobold brigand and an adder.

Vanquished Creatures
  Terence (D:3)
  4 adders (D:3)
  2 worms (D:3)
  3 dart slugs
  6 endoplasms
  5 giant cockroaches
  6 goblins
  7 hobgoblins
  11 jackals
  A quokka (D:1)
  6 ball pythons
  2 bats
  4 frilled lizards
  10 kobolds
  6 rats
74 creatures vanquished.

Notes
Turn   | Place    | Note
-------+----------+-------------------------------------------
     0 | D:1      | qw the Minotaur Hexslinger began the quest for the Orb.
     0 | D:1      | Reached XP level 1. HP: 16/16 MP: 1/1
     0 | D:1      | 0 ||| qw: Version: 0.3-a-52-g30416fa
     0 | D:1      | 0 ||| qw: Game counter: 5177
     0 | D:1      | 0 ||| qw: Melee chars always use a shield: true
     0 | D:1      | 0 ||| qw: God list: Okawaru
     0 | D:1      | 0 ||| qw: Allow faded altars: false
     0 | D:1      | 0 ||| qw: Do Orc after clearing Dungeon:15 true
     0 | D:1      | 0 ||| qw: Do second Lair branch before Depths: true
     0 | D:1      | 0 ||| qw: Lair rune preference: random
     0 | D:1      | 0 ||| qw: Goals: Normal
     0 | D:1      | 0 ||| PLANNING D:1-11
    61 | D:1      | Reached skill level 3 in Ranged Weapons
    86 | D:1      | Reached XP level 2. HP: 21/23 MP: 2/2
   304 | D:1      | Reached XP level 3. HP: 28/29 MP: 3/3
   495 | D:1      | Reached skill level 4 in Ranged Weapons
   741 | D:1      | 741 ||| DROPPING ring of flight.
   742 | D:1      | 742 ||| DROPPING scroll of poison.
  1265 | D:2      | 1265 ||| UPGRADING to +0 leather armour.
  1275 | D:2      | 1275 ||| DROPPING +0 robe.
  1276 | D:2      | 1276 ||| READING scroll labelled EGAFOU MUSCHAFFIUSS.
  1277 | D:2      | 1277 ||| DRINKING 2 glowing brown potions.
  1278 | D:2      | 1278 ||| DROPPING potion of brilliance.
  1557 | D:3      | Reached XP level 4. HP: 36/36 MP: 4/4
  1743 | D:3      | 1743 ||| Stepping ~*~*~tactically~*~*~ (outnumbered).
  1758 | D:3      | 1758 ||| FLEEEEING.
  2065 | D:3      | 2065 ||| Stepping ~*~*~tactically~*~*~ (outnumbered).
  2071 | D:3      | Reached skill level 5 in Ranged Weapons
  2206 | D:3      | Noticed Terence
  2219 | D:3      | Killed Terence
  2220 | D:3      | Reached skill level 3 in Fighting
  2220 | D:3      | Reached XP level 5. HP: 32/45 MP: 5/5
  2347 | D:3      | 2347 ||| READING 5 scrolls labelled IRGHIE GASOU.
  2348 | D:3      | 2348 ||| READING scroll labelled AVVEOFIRUOCK.
  2349 | D:3      | 2349 ||| DRINKING 2 dark potions.
  2350 | D:3      | 2350 ||| READING 4 scrolls of identify.
  2350 | D:3      | 2350 ||| IDENTIFYING orange potion
  2351 | D:3      | 2351 ||| READING 3 scrolls of identify.
  2351 | D:3      | 2351 ||| IDENTIFYING fizzy puce potion
  2352 | D:3      | 2352 ||| READING 2 scrolls of identify.
  2352 | D:3      | 2352 ||| IDENTIFYING inky potion
  2353 | D:3      | 2353 ||| DROPPING potion of degeneration.
  2354 | D:3      | 2354 ||| DROPPING potion of attraction.
  2411 | D:4      | Noticed a black bear
  2413 | D:4      | HP: 8/45 [kobold brigand/+0 short sword (5)]
  2413 | D:4      | HP: 2/45 [hobgoblin/+0 spear (6)]
  2414 | D:4      | Slain by a kobold brigand

Levels and vault maps discovered:
D:1:      minmay_arrival_stair_chambers, layout_rooms, hangedman_decor_points,
          serial_bayou_pond_a, hangedman_decor_lopped, minivault_27,
          glass_columns_a
D:2:      layout_basic
D:3:      layout_loops_corners, minmay_misc_feat_hallway, uniq_terence
D:4:      layout_loops_ring, serial_shops, nicolae_shop_waterfront, shop,
          nicolae_shop_bloodbath_and_beyond, nicolae_lakefront_shop

Skill      XL: |  1  2  3  4 |
---------------+-------------+-----
Ranged Weapons | 3 4 5 |  5.1
Fighting       | 2 3 |  3.2
Dodging        | |  2.1
Spellcasting   | |  1.0
Hexes          | |  2.0

Action                     |  1- 3 |  4- 6 || total
---------------------------+-------+-------++-------
   Fire: Sling             |   146 |    79 ||   225
    Use: Scroll            |     1 |     5 ||     6
         Potion            |     1 |     1 ||     2
 Armour: Robe              |     9 |       ||     9
         Leather armour    |     5 |    11 ||    16
  Dodge: Dodged            |    43 |    27 ||    70

Table legend:
 A = Non-vault XP
 B = Vault XP
 C = Vault XP percentage of total XP
 D = Non-vault monster count
 E = Vault monster count
 F = Vault count percentage of total count
                 A         B        C        D         E       F
            +---------+---------+-------+---------+---------+-------
      Total |     179 |      32 |  15.2 |      73 |       1 |   1.4
            +---------+---------+-------+---------+---------+-------
        D:1 |      65 |       0 |   0.0 |      37 |       0 |   0.0
        D:2 |       7 |       0 |   0.0 |       6 |       0 |   0.0
        D:3 |     105 |      32 |  23.4 |      29 |       1 |   3.3
        D:4 |       2 |       0 |   0.0 |       1 |       0 |   0.0
            +---------+---------+-------+---------+---------+-------
